 Dungeon Sprint DCSS version 0.21.0-24-g2553a33 (webtiles) character file.

3657 wojtek the Severer (level 9, -2/92 HPs)
             Began as a Minotaur Berserker on Jan 21, 2018.
             Was a High Priest of Trog.
             Slain by a sun demon (6 damage)
             ... summoned by an orc high priest
             ... in the Dungeon (Sprint III: "The Ten Rune Challenge").
             The game lasted 00:04:17 (1497 turns).

wojtek the Severer (Minotaur Berserker)             Turns: 1497, Time: 00:04:17

Health: -2/92      AC: 15    Str: 25    XL:     9   Next: 88%
Magic:  8/8        EV: 12    Int:  4    God:    Trog [*****.]
Gold:   32         SH:  0    Dex: 10    Spells: 8/8 levels left

rFire    . . .     SeeInvis .   k - +0 battleaxe (freeze)
rCold    . . .     Gourm    .   (shield currently unavailable)
rNeg     . . .     Faith    .   v - +0 plate armour
rPois    .         Spirit   .   (helmet restricted)
rElec    .         Reflect  .   (no cloak)
rCorr    .         Harm     .   (no gloves)
MR       .....     NoTele   +   (no boots)
Stlth    ..........             (no amulet)
HPRegen  0.25/turn              (no ring)
MPRegen  0.11/turn              (no ring)

@: berserk cooldown, slowed, very slow
A: retaliatory headbutt, horns 2
a: Berserk, Trog's Hand, Brothers in Arms, Burn Spellbooks, Renounce Religion


You were in the Dungeon.
You worshipped Trog.
Trog was extremely pleased with you.
You were hungry.

You visited 1 branch You collected 32 gold pieces.

Inventory:

Hand Weapons
 a - a +0 hand axe
 k - a +0 battleaxe of freezing (weapon)
 u - a +3 antimagic war axe
Armour
 v - a +0 plate armour (worn)
Wands
 q - a wand of random effects (34)
 s - a wand of iceblast (10)
Scrolls
 i - a scroll of blinking
 j - 5 scrolls of remove curse
 l - a scroll of immolation {unknown}
 m - 2 scrolls of identify {unknown}
 o - a scroll of torment {unknown}
Potions
 d - a potion of curing
 e - 2 potions of heal wounds
 f - a potion of haste
 g - 2 potions of magic
 h - a potion of berserk rage
 n - 3 potions of flight
 p - 5 potions of mutation
Miscellaneous
 r - a fan of gales
Comestibles
 c - 3 rations
 t - 17 chunks of flesh


   Skills:
 + Level 12.6 Fighting
 * Level 16.7 Axes
 + Level 12.4 Armour
 + Level 11.4 Dodging


You had 8 spell levels left.
You didn't know any spells.

Dungeon Overview and Level Annotations

Branches:
Dungeon (1/1)

Altars:
Cheibriados
Dithmenos
Elyvilon
Fedhas
Gozag
Hepliaklqana
Kikubaaqudgha
Makhleb
Nemelex Xobeh
Okawaru
Qazlal
Ru
Sif Muna
Trog
Uskayaw
Vehumet
Wu Jian
Xom
Yredelemnul
Zin
The Shining One
Beogh
Jiyva
Lugonu


Innate Abilities, Weirdness & Mutations

You reflexively headbutt those who attack you in melee.
You have a pair of horns on your head.


Message History

The orc high priest mumbles some strange prayers.
The orc high priest utters an invocation to Beogh.
Your troll bites the sun demon!!
Your troll misses the sun demon.
Your troll claws the sun demon.
The sun demon hits your troll!!
Your troll is engulfed in flames!
Your troll bites the sun demon.
Your troll claws the sun demon!
Your troll claws the sun demon but does no damage.
The sun demon hits your troll!
Your troll is engulfed in flames!
Your troll dies!
Your troll's corpse disappears in a puff of smoke!
Your deep troll goes berserk!
You are feeling hungry.
The sun demon hits you but does no damage.
The sun demon hits you!
* * * LOW HITPOINT WARNING * * *
You are engulfed in flames!
* * * LOW HITPOINT WARNING * * *
The orc high priest hits your deep troll with a broad axe!
The sun demon hits you.
You die...

#(..#### ##.##############$$#
#......#####..#___#___#__#$$$$##
#.......#..#..#...#__.#)_#..oo.
##.##...#..#..###)#)###'##$$.o
##.###..##'#..#.....)....#.oo
###.##..###...')⌠o.))3o..#oo
#..##..####..)#.T.######'#.#
...##..###....#.3.#__#...#'######
..##...##.....#.@[#__#...#..o.#.#
.##....#......#)###__#..)##.#).#.
###..##.#.....#)..#__#..)'##)#.#.
# #.. ####....#___#__'...#o).#..#
▓ ▓▓▓ ▓▓▓▓▓▓▓▓▓▓▓▓▓▓▓▓▓▓▓▓▓▓▓▓


You could see an orc high priest, a sun demon and a friendly deep troll
(berserk).

Vanquished Creatures
  Erolcha (D)
  An orc knight (D)
  A deep elf mage (D)
  A shadow (D)
  A spatial vortex (D)
  A necrophage (D)
  An orc warrior (D)
  5 two-headed ogres (D)
  A water elemental (D)
  A jelly (D)
  An orc priest (D)
  A wizard (D)
  An orc wizard (D)
  A necromancer (D)
  3 humans (D)
  A kobold demonologist (D)
  A wolf (D)
  2 oozes (D)
  5 orcs (D)
  2 rats (D)
32 creatures vanquished.

Vanquished Creatures (collateral kills)
  An orc sorcerer (D)
  2 orc warriors (D)
3 creatures vanquished.

Vanquished Creatures (others)
  2 draconian scorchers (D)
  6 hellions (D)
  A yaktaur (D)
  An electric eel (D)
  A plant (D)
11 creatures vanquished.

Grand Total: 46 creatures vanquished

Notes
Turn   | Place    | Note
-------+----------+-------------------------------------------
     0 | D        | wojtek the Minotaur Berserker began the quest for the Orb.
     0 | D        | Reached XP level 1. HP: 19/19 MP: 0/0
    10 | D        | Reached skill level 4 in Axes
    13 | D        | Reached XP level 2. HP: 24/27 MP: 1/1
    29 | D        | Reached ** piety under Trog
    52 | D        | Reached skill level 5 in Axes
    52 | D        | Reached XP level 3. HP: 35/35 MP: 2/2
    79 | D        | Killed a hellion
    80 | D        | Killed a hellion
    91 | D        | Killed a hellion
   100 | D        | Killed a hellion
   132 | D        | Reached skill level 5 in Fighting
   132 | D        | Reached skill level 6 in Axes
   158 | D        | Killed a white draconian scorcher
   163 | D        | Noticed a water elemental
   164 | D        | Killed a hellion
   169 | D        | Killed a water elemental
   169 | D        | Reached *** piety under Trog
   169 | D        | Reached skill level 7 in Axes
   169 | D        | Reached skill level 5 in Armour
   169 | D        | Reached XP level 4. HP: 44/44 MP: 3/3
   173 | D        | Killed a yaktaur
   191 | D        | Killed a hellion
   204 | D        | Killed a white draconian scorcher
   246 | D        | Found a radiant altar of Vehumet.
   246 | D        | Found a deep blue altar of Sif Muna.
   246 | D        | Found an ancient bone altar of Kikubaaqudgha.
   246 | D        | Noticed a wizard
   250 | D        | Killed a wizard
   250 | D        | Reached skill level 8 in Axes
   250 | D        | Reached skill level 5 in Dodging
   255 | D        | Noticed a rust devil
   255 | D        | Reached **** piety under Trog
   255 | D        | Reached XP level 5. HP: 51/51 MP: 4/4
   304 | D        | Found a glowing silver altar of Zin.
   305 | D        | Found a glowing golden altar of the Shining One.
   305 | D        | Found a white marble altar of Elyvilon.
   305 | D        | Noticed a deep elf mage
   315 | D        | Killed a deep elf mage
   315 | D        | Reached ***** piety under Trog
   315 | D        | Reached skill level 11 in Axes
   315 | D        | Reached XP level 6. HP: 41/62 MP: 5/5
   315 | D        | Reached XP level 7. HP: 46/69 MP: 6/6
   451 | D        | Found a hide-covered altar of Uskayaw.
   451 | D        | Found an iron altar of Okawaru.
   452 | D        | Found a roughly hewn altar of Beogh.
   452 | D        | Found a bloodstained altar of Trog.
   452 | D        | Found an ornate altar of the Wu Jian Council.
   452 | D        | Noticed a human
   452 | D        | Noticed a human
   457 | D        | Killed a human
   457 | D        | Reached skill level 12 in Axes
   462 | D        | Killed a human
   682 | D        | Found a basalt altar of Yredelemnul.
   682 | D        | Found a shadowy altar of Dithmenos.
   682 | D        | Found a sacrificial altar of Ru.
   685 | D        | Received a gift from Trog
   685 | D        | Reached skill level 13 in Axes
   725 | D        | Noticed a shadow
   730 | D        | Reached skill level 10 in Fighting
   730 | D        | Killed a shadow
   730 | D        | Reached XP level 8. HP: 79/79 MP: 7/7
   777 | D        | Found a blossoming altar of Fedhas.
   777 | D        | Found a stormy altar of Qazlal.
   777 | D        | Found a snail-covered altar of Cheibriados.
   777 | D        | Found a burning altar of Makhleb.
   777 | D        | Found a shimmering altar of Xom.
   778 | D        | Found a hazy altar of Hepliaklqana.
   778 | D        | Found an opulent altar of Gozag.
   778 | D        | Found a sparkling altar of Nemelex Xobeh.
   778 | D        | Found a corrupted altar of Lugonu.
   778 | D        | Found a viscous altar of Jiyva.
   786 | D        | Reached skill level 10 in Armour
   896 | D        | Received a gift from Trog
   898 | D        | Reached skill level 14 in Axes
  1002 | D        | Noticed a two-headed ogre
  1009 | D        | Killed a two-headed ogre
  1184 | D        | Noticed a two-headed ogre
  1184 | D        | Noticed Erolcha
  1190 | D        | Killed Erolcha
  1190 | D        | Reached skill level 15 in Axes
  1190 | D        | Reached skill level 10 in Dodging
  1190 | D        | Reached XP level 9. HP: 90/90 MP: 8/8
  1193 | D        | Killed a two-headed ogre
  1246 | D        | Noticed an orc sorcerer
  1268 | D        | Killed an orc sorcerer
  1268 | D        | Received a gift from Trog
  1268 | D        | Reached skill level 16 in Axes
  1460 | D        | Noticed an orc knight
  1471 | D        | Killed an orc knight
  1471 | D        | Reached ****** piety under Trog
  1482 | D        | Noticed an orc high priest
  1492 | D        | Noticed a sun demon
  1496 | D        | HP: 4/92 [sun demon[an orc high priest] (11)]
  1497 | D        | Slain by a sun demon

Skill      XL: |  1  2  3  4  5  6  7  8  9 |
---------------+----------------------------+-----
Fighting       | 4 5 6 8 10 11 12 | 12.6
Axes           | 4 5 7 8 11 13 15 16 | 16.7
Armour         | 3 5 8 9 11 12 | 12.4
Dodging        | 3 4 5 7 9 10 11 | 11.4

Action                   |  1- 3 |  4- 6 |  7- 9 || total
-------------------------+-------+-------+-------++-------
Melee: Hand axe          |    20 |     9 |    12 ||    41
       Headbutt          |     4 |       |    13 ||    17
       Battleaxe         |       |       |    56 ||    56
Invok: Berserk           |     2 |     1 |     4 ||     7
       Burn Spellbooks   |       |     1 |     1 ||     2
       Brothers in Arms  |       |       |     4 ||     4
 Stab: Sleeping          |     1 |       |       ||     1
  Eat: Chunk             |       |     1 |     4 ||     5
       Ration            |       |       |     1 ||     1
Armor: Animal skin       |     1 |       |     1 ||     2
       Plate armour      |       |       |     2 ||     2
Dodge: Dodged            |    13 |       |    33 ||    46
